 Dungeon Crawl Stone Soup version 0.32-a0-893-gf85d74f360 (webtiles) character file.

Game seed: 17758852886585720985

8487 Autsider the Geomancer (level 11, -30/71 HPs)
             Began as a Gargoyle Earth Elementalist on Apr 3, 2024.
             Was an Initiate of Gozag.
             Hit by a large rock thrown by a cyclops (40 damage)
             ... on level 11 of the Dungeon.
             The game lasted 00:26:32 (10496 turns).

Autsider the Geomancer (GrEE)                      Turns: 10496, Time: 00:26:32

Health: -30/71     AC: 12    Str: 12    XL:     11   Next: 31%
Magic:  9/19       EV: 10    Int: 20    God:    Gozag
Gold:   1595       SH: 11    Dex: 12    Spells: 8/20 levels left

rFire   + + .        x - staff of conjuration
rCold   . . .        c - +1 buckler
rNeg    + + .        d - +2 robe {rF+}
rPois   ∞            (no helmet)
rElec   +            w - scarf {repulsion}
rCorr   .            (no gloves)
SInv    +            (no boots)
Will    .....        I - amulet of reflection
Stlth   ++           f - ring of see invisible
HPRegen 0.31/turn    t - ring of Butchery {rPois rF+ rN+ Dex+2}
MPRegen 0.16/turn

%: repel missiles, reflection
@: gold aura
A: sickness immunity, AC +8, negative energy resistance 1, electricity
resistance, torment resistance 1, petrification resistance
a: Renounce Religion, Potion Petition, Call Merchant, Bribe Branch


You were on level 11 of the Dungeon.
You worshipped Gozag.
Gozag was most pleased with you.
You visited 1 branch of the dungeon, and saw 11 of its levels.

You collected 1656 gold pieces.
You paid 61 gold pieces to Gozag.

Inventory:

Hand Weapons
 k - a +0 dagger of venom
 y - a +5 mace
 z - a +5 spear
 F - a +2 mace of protection
Missiles
 b - 4 throwing nets
 L - a curare-tipped dart
Armour
 c - a +1 buckler (worn)
 d - a +2 robe of fire resistance (worn)
 v - a +0 cloak
 w - a scarf of repulsion (worn)
 C - a +0 kite shield
 K - the +1 ring mail "Miett" {*Corrode Str+4 Int+4}
   (You found it on level 9 of the Dungeon)

   Str+4:     It affects your strength (+4).
   Int+4:     It affects your intelligence (+4).
   *Corrode:  It may corrode you when you take damage.
Magical Staves
 g - a staff of cold
 o - a staff of death
 x - a staff of conjuration (weapon)
Jewellery
 f - a ring of see invisible (left hand)
 t - the ring of Butchery (right hand) {rPois rF+ rN+ Dex+2}
   (You found it on level 5 of the Dungeon)

   [ring of poison resistance]

   Dex+2:     It affects your dexterity (+2).
   rF+:       It protects you from fire.
   rPois:     It protects you from poison.
   rN+:       It protects you from negative energy.
 u - an amulet of the acrobat
 I - an amulet of reflection (around neck)
Wands
 h - a wand of polymorph (9)
 r - a wand of roots (18)
 A - a wand of charming (24)
 N - a wand of flame (13)
Scrolls
 a - 5 scrolls of identify {@r1}
 i - 3 scrolls of fear
 n - 2 scrolls of revelation
 q - a scroll of fog
 B - 2 scrolls of amnesia
 D - a scroll of teleportation {@r2}
 G - 3 scrolls of enchant weapon
 J - a scroll of immolation
 M - a scroll of blinking
Potions
 e - 2 potions of mutation
 j - 5 potions of heal wounds {@q2}
 l - 3 potions of lignification
 m - 4 potions of degeneration
 p - 4 potions of curing {@q1}
 s - 6 potions of berserk rage
 E - 3 potions of attraction
 H - a potion of magic
Miscellaneous
 O - a phial of floods


   Skills:
 + Level 9.1 Fighting
 - Level 6.0 Armour
 - Level 1.5 Dodging
 - Level 2.1 Stealth
 - Level 6.0 Shields
 + Level 5.3 Spellcasting
 - Level 8.0 Conjurations
 + Level 11.0 Earth Magic
 + Level 1.7 Alchemy
 + Level 1.3 Evocations


You had 8 spell levels left.
You knew the following spells:

 Your Spells              Type           Power      Damage    Failure   Level
a - Sandblast             Erth           98%        2d20      1%          1
b - Stone Arrow           Conj/Erth      100%       3d13      1%          3
e - Petrify               Alch/Erth      31%        N/A       11%         4
w - Leda's Liquefaction   Alch/Erth      15%        N/A       11%         4

Your spell library contained the following spells:

 Spells                   Type           Power      Damage    Failure   Level
 Sting                    Conj/Alch      100%       1d9       1%          1
 Passwall                 Erth           49%        N/A       1%          3
 Brom's Barrelling Bould  Conj/Erth      60%        2d8       3%          4
 Hailstorm                Conj/Ice       32%        3d8       9%          3
 Freeze                   Ice            20%        1d4       14%         1
 Mercury Vapours          Alch/Air       16%        N/A       16%         2
 Call Imp                 Summ           10%        N/A       22%         2
 Frozen Ramparts          Ice            10%        1d2       41%         3
 Olgreb's Toxic Radiance  Alch           12%        N/A       56%         4
 Anguish                  Hex/Necr       2%         N/A       82%         4
 Cause Fear               Hex            2%         N/A       82%         4
 Metabolic Englaciation   Hex/Ice        2%         N/A       99%         5
 Enfeeble                 Hex            2%         N/A       100%        7
 Summon Hydra             Summ           2%         N/A       100%        7
 Sublimation of Blood     Necr           Unusable   N/A       N/A         2

Dungeon Overview and Level Annotations

Branches:
Dungeon (11/15)            Temple (0/1) D:6            Lair (0/5) D:11
    Orc (0/2) D:9

Altars:
Cheibriados
Dithmenos
Elyvilon
Gozag
Kikubaaqudgha
Nemelex Xobeh
Okawaru
Ru
Trog
Uskayaw
Vehumet
Wu Jian
Yredelemnul
The Shining One

Annotations:
D:8 3 runed translucent doors, Konar's ghost, novice CoHu


Innate Abilities, Weirdness & Mutations

You are immune to sickness and miasma.
Your stone body is resilient. (AC +8)
You are immune to poison.
You resist negative energy. (rN+)
You are resistant to electric shocks. (rElec)
You are resistant to unholy torment.
You are immune to petrification.


Message History

Casting: Sandblast (safe; 1% risk of failure)
Confirm with . or Enter, or press ? or * to list all spells.
Aiming: Sandblast (safe; 1% risk of failure)
Press: ? - help, Shift-Dir - straight line, f - vampire mosquito
Aim: a vampire mosquito (75% to hit)
The blast of sand hits the vampire mosquito!
The vampire mosquito is heavily damaged.
You block the vampire mosquito's attack. x2
The vampire mosquito bites you but does no damage.
Casting: Sandblast (safe; 1% risk of failure)
Confirm with . or Enter, or press ? or * to list all spells.
Aiming: Sandblast (safe; 1% risk of failure)
Press: ? - help, Shift-Dir - straight line, f/p - vampire mosquito
Aim: a vampire mosquito (heavily damaged, 75% to hit)
The blast of sand hits the vampire mosquito!
The vampire mosquito is almost destroyed.
The vampire mosquito barely misses you. The vampire mosquito bites you!
* * * LOW HITPOINT WARNING * * *
The vampire mosquito closely misses you.
Casting: Sandblast (safe; 1% risk of failure)
Confirm with . or Enter, or press ? or * to list all spells.
Aiming: Sandblast (safe; 1% risk of failure)
Press: ? - help, Shift-Dir - straight line, f/p - vampire mosquito
Aim: a vampire mosquito (almost destroyed, 75% to hit)
The blast of sand hits the vampire mosquito!!
You destroy the vampire mosquito!
The ground is no longer liquid beneath you.
Casting: Sandblast (safe; 1% risk of failure)
Confirm with . or Enter, or press ? or * to list all spells.
Aiming: Sandblast (safe; 1% risk of failure)
Press: ? - help, Shift-Dir - straight line, f - orc
Aim: an orc, wielding a +0 club (85% to hit)
The blast of sand hits the orc!
You kill the orc!
The cyclops is distracted by your dazzling golden aura.
The cyclops is no longer distracted by gold.
The cyclops throws a large rock.
The large rock hits you!!!
Ouch! That really hurt!
You die...
Your body crumbles into a pile of gold.

...y.................####
#####.y..............#
...o>................#
....#....####........#
....#....#..###.<....#
....#....#....#......#
....######....#......#
...........C..#####..#
..............$.@.#..#
.......##########.#..#####
.......#........#.#......#
.......#........#.##.....#
.......#........#..#....##
.......#'########..#....#
...................#....#
...................#....#
.................###....#


You could see a cyclops.

Vanquished Creatures
  A cyclops (D:11)
  3 unseen horror zombies (D:9)
  A hornet (D:10)
  A troll (D:9)
  2 shadows
  A wraith (D:7)
  A wyvern (D:10)
  9 yaks
  2 vampire mosquitoes (D:11)
  An acid dragon (D:10)
  A water moccasin (D:6)
  4 orc warriors
  A black bear (D:7)
  2 ogres (D:9)
  An ice beast (D:7)
  A centaur (D:8)
  Blork the orc (D:6)
  3 kobold brigands
  2 phantoms
  2 weeping skulls (D:9)
  4 bullfrogs
  3 gnoll sergeants
  2 scorpions
  12 wights
  9 killer bees
  7 howler monkeys
  A centaur zombie (D:9)
  A human zombie (D:9)
  4 hounds
  4 bombardier beetles
  3 gnoll boudas
  6 orc priests
  2 jellies (D:5)
  2 sleepcaps
  Terence (D:3)
  5 orc wizards
  3 iguanas
  A mummy (D:9)
  3 howler monkey zombies (D:9)
  7 adders
  24 gnolls
  A shadow imp (D:7)
  A white imp (D:7)
  2 ufetubi (D:6)
  4 dart slugs
  3 ribbon worms
  22 orcs
  An endoplasm (D:3)
  4 giant cockroaches
  9 goblins
  6 hobgoblins
  7 jackals
  11 kobolds
  4 quokkas (D:2)
  6 bats
  4 frilled lizards
  10 rats
239 creatures vanquished.

Vanquished Creatures (others)
  A howler monkey (D:9)
1 creature vanquished.

Grand Total: 240 creatures vanquished

Notes
Turn   | Place    | Note
-------+----------+-------------------------------------------
     0 | D:1      | Autsider the Gargoyle Earth Elementalist began the quest
                  | for the Orb.
     0 | D:1      | Reached XP level 1. HP: 10/10 MP: 3/3
    89 | D:1      | Reached skill level 4 in Earth Magic
    89 | D:1      | Reached XP level 2. HP: 15/15 MP: 3/5
   168 | D:1      | Found a faded altar of an unknown god.
   643 | D:1      | Reached XP level 3. HP: 19/19 MP: 4/6
  1074 | D:2      | Reached skill level 5 in Earth Magic
  1228 | D:2      | Reached XP level 4. HP: 24/24 MP: 4/7
  2011 | D:3      | Found a shadowy altar of Dithmenos.
  2012 | D:3      | Noticed Terence
  2035 | D:3      | Killed Terence
  2036 | D:3      | Reached skill level 1 in Shields
  2392 | D:3      | Learned a level 3 spell: Stone Arrow
  2541 | D:3      | Reached XP level 5. HP: 25/28 MP: 5/8
  2583 | D:3      | Reached skill level 1 in Fighting
  2798 | D:4      | Found a hide-covered altar of Uskayaw.
  2863 | D:4      | Reached XP level 6. HP: 35/35 MP: 6/9
  2987 | D:4      | Reached skill level 6 in Earth Magic
  3344 | D:5      | Entered Level 5 of the Dungeon
  3431 | D:5      | Reached XP level 7. HP: 34/40 MP: 4/10
  3587 | D:5      | Found an opulent altar of Gozag.
  3650 | D:5      | Became a worshipper of Gozag Ym Sagoz the Greedy
  3885 | D:5      | Identified the ring of Butchery {rPois rF+ rN+ Dex+2}
  4195 | D:5      | Reached skill level 7 in Earth Magic
  4203 | D:6      | Reached XP level 8. HP: 29/48 MP: 5/11
  4283 | D:6      | Reached skill level 5 in Conjurations
  4327 | D:6      | Found a staircase to the Ecumenical Temple.
  4699 | D:6      | Reached skill level 8 in Earth Magic
  4777 | D:6      | Noticed Blork the orc
  4782 | D:6      | Killed Blork the orc
  4900 | D:6      | Reached skill level 5 in Fighting
  5060 | D:6      | Found a radiant altar of Vehumet.
  5074 | D:6      | Found a glowing golden altar of the Shining One.
  5075 | D:6      | Found an ancient bone altar of Kikubaaqudgha.
  5410 | D:7      | Reached XP level 9. HP: 53/55 MP: 8/15
  5577 | D:7      | Reached skill level 1 in Armour
  5768 | D:7      | Found a sparkling altar of Nemelex Xobeh.
  5902 | D:7      | Found an iron altar of Okawaru.
  6381 | D:8      | Found an ornate altar of the Wu Jian Council.
  6443 | D:8      | Reached skill level 5 in Shields
  6907 | D:8      | Reached skill level 9 in Earth Magic
  6992 | D:8      | Found a runed translucent gate.
  6992 | D:8      | Found a runed translucent gate.
  6992 | D:8      | Found a runed translucent gate.
  7005 | D:8      | Noticed Konar's ghost (novice CoHu)
  7174 | D:8      | Reached XP level 10. HP: 63/63 MP: 11/16
  8017 | D:9      | Found a sacrificial altar of Ru.
  8038 | D:9      | Identified the +1 ring mail "Miett" {*Corrode Str+4 Int+4}
  8310 | D:9      | Found a bloodstained altar of Trog.
  8479 | D:9      | Found a staircase to the Orcish Mines.
  8483 | D:9      | Reached skill level 10 in Earth Magic
  8767 | D:9      | Found a basalt altar of Yredelemnul.
  8908 | D:9      | Reached XP level 11. HP: 54/69 MP: 0/18
  9337 | D:10     | Entered Level 10 of the Dungeon
  9571 | D:10     | Found a white marble altar of Elyvilon.
  9603 | D:10     | Reached skill level 5 in Spellcasting
  9758 | D:10     | Found a snail-covered altar of Cheibriados.
 10068 | D:10     | Reached skill level 1 in Alchemy
 10317 | D:11     | Learned a level 4 spell: Leda's Liquefaction
 10322 | D:11     | Learned a level 4 spell: Petrify
 10324 | D:11     | Noticed a cyclops
 10333 | D:11     | Killed a cyclops
 10334 | D:11     | Reached skill level 1 in Evocations
 10456 | D:11     | Found a staircase to the Lair.
 10472 | D:11     | Noticed a cyclops
 10492 | D:11     | Reached skill level 11 in Earth Magic
 10496 | D:11     | Hit by a large rock thrown by a cyclops

Illustrated notes

Levels and vault maps discovered:
D:1:      erik_arrival_cave_to_civilisation [erik_arrival_cave_to_hall],
          layout_basic, hellmonk_ecumenical_altar_pennies_from_heaven,
          minmay_stone_trees_small
D:2:      layout_loops_ring, minivault_23
D:3:      layout_basic, mainiacjoe_overflow_paths, uniq_terence
D:4:      layout_cave_pools, lemuel_round_altar, serial_glass, glass_columns_a,
          glass_columns_c, glass_columns_a, glass_columns_c, glass_columns_a,
          glass_columns_c
D:5:      layout_rooms, nicolae_gozag_cash_rules_everything_around_me
D:6:      layout_basic, gammafunk_temple_overflow_forgotten,
          minmay_temple_entry_fiery, serial_bayou_pond_e, chequers_garden,
          uniq_blork_the_orc
D:7:      layout_loops_ring, lemuel_crystal_altar,
          mainiacjoe_overflow_surrounded_room
D:8:      layout_loops_ring, nicolae_wu_jian_wuxing_cycle,
          ebering_ghost_rock_garden
D:9:      layout_roguey, hangedman_ru_absence,
          lemuel_mausoleum_altar_yredelemnul, mainiacjoe_overflow_boulevard,
          kennysheep_orc_monster_closet_entryway, minivault_10
D:10:     layout_basic, lemuel_round_altar, kennysheep_mini
D:11:     layout_irregular_city, lair_entry_dummy

Skill      XL: |  1  2  3  4  5  6  7  8  9 10 11 |
---------------+----------------------------------+-----
Earth Magic    | 4 5 6 7 8 9 10 11 | 11.0
Conjurations   | 2 3 4 6 7 8 |  8.0
Shields        | 1 2 3 4 5 6 |  6.0
Fighting       | 2 4 5 7 8 9 |  9.1
Spellcasting   | 4 5 |  5.3
Armour         | 3 6 |  6.0
Alchemy        | 1 |  1.7
Evocations     | 1 |  1.3
Dodging        | |  1.5
Stealth        | |  2.1

Action                     |  1- 3 |  4- 6 |  7- 9 | 10-12 || total
---------------------------+-------+-------+-------+-------++-------
  Melee: Club              |    22 |       |       |       ||    22
         Dagger            |    16 |    41 |    27 |       ||    84
         Staff             |       |       |     2 |       ||     2
   Cast: Sandblast         |    42 |    56 |   195 |   143 ||   436
         Stone Arrow       |       |       |     5 |     7 ||    12
         Leda's Liquefacti |       |       |       |     2 ||     2
         Petrify           |       |       |       |     1 ||     1
    Use: Scroll            |       |    13 |     3 |     3 ||    19
         Potion            |       |     1 |     4 |       ||     5
   Stab: Sleeping          |     1 |       |       |       ||     1
 Armour: Robe              |    45 |    27 |   106 |   103 ||   281
  Dodge: Dodged            |    42 |    22 |   100 |    54 ||   218
         Repelled          |       |       |     5 |     1 ||     6
  Block: Buckler           |     2 |     6 |    56 |    50 ||   114

Table legend: (Time is in decaauts)
 A = Elapsed time spent in this place.
 B = Non-inter-level travel time spent in this place.
 C = Inter-level travel time spent in this place.
 D = Time resting spent in this place.
 E = Time spent auto-exploring this place.
 F = Levels seen in this place.
 G = Mean time per level.
                   A        B        C        D        E       F      G
               +--------+--------+--------+--------+--------+-----+--------+
         Total |  10716 |  10112 |    604 |    551 |   7768 |  11 |  974.2 |
       Dungeon |  10716 |  10112 |    604 |    551 |   7768 |  11 |  974.2 |
               +--------+--------+--------+--------+--------+-----+--------+

Top non-repeatable levels by time:
     D:9: 1635 daAuts
     D:8: 1408 daAuts
     D:6: 1234 daAuts
     D:7: 1001 daAuts
     D:3: 941 daAuts
     D:1: 919 daAuts
     D:2: 899 daAuts
     D:5: 848 daAuts
    D:10: 793 daAuts
     D:4: 643 daAuts
    D:11: 388 daAuts
